 Dungeon Crawl Stone Soup version 0.21.1-1-g345015f (webtiles) character file.

38 glosham the Skirmisher (level 3, -3/55 HPs)
             Began as a Troll Berserker on Apr 14, 2018.
             Was a Believer of Trog.
             Slain by a centaur (5 damage)
             ... on level 3 of the Dungeon.
             The game lasted 00:09:51 (514 turns).

glosham the Skirmisher (Troll Berserker)             Turns: 514, Time: 00:09:52

Health: -3/55      AC: 21    Str: 25    XL:     3   Next: 25%
Magic:  2/2        EV:  1    Int:  3    God:    Trog [**....]
Gold:   9          SH:  0    Dex: 10    Spells: 2/2 levels left

rFire    . . .     SeeInvis .   a - +0 hand axe
rCold    . . .     Gourm    +   (no shield)
rNeg     + + +     Faith    .   (armour currently unavailable)
rPois    +         Spirit   .   (helmet currently unavailable)
rElec    .         Reflect  .   (cloak currently unavailable)
rCorr    .         Harm     .   (gloves unavailable)
MR       .....     NoTele   +   (boots unavailable)
Stlth    +.........             (no amulet)
HPRegen  0.58/turn              A - ring of poison resistance
MPRegen  0.08/turn              (no ring)

@: lethally poisoned (-3 -> -5), tree-form
A: large, unfitting armour, fast metabolism 3, gourmand, regeneration 1
a: Berserk, Trog's Hand, Burn Spellbooks, Renounce Religion


You were on level 3 of the Dungeon.
You worshipped Trog.
Trog was pleased with you.
You were very full.
You were a tree.
You visited 1 branch of the dungeon, and saw 3 of its levels.

You collected 9 gold pieces.

Inventory:

Hand Weapons
 a - a +0 hand axe (weapon)
Armour
 b - a +1 animal skin (melded)
Jewellery
 A - a ring of poison resistance (left branch)
Scrolls
 f - 2 scrolls of remove curse
 g - a scroll of identify {unknown}
Potions
 e - a potion of cancellation {unknown}
Comestibles
 c - 3 rations


   Skills:
 * Level 3.1 Fighting
 * Level 3.0 Axes
 - Level 2.4 Dodging


You had 2 spell levels left.
You didn't know any spells.

Dungeon Overview and Level Annotations

Branches:
Dungeon (3/15)

Altars:

Annotations:
D:3 Terence


Innate Abilities, Weirdness & Mutations

You are too large for most types of armour.
((You have claws for hands.))
Your metabolism is lightning-fast.
You like to eat raw meat.
Your natural rate of healing is unusually fast.
((You are covered in fur. (AC +1)))
((You have very tough skin. (AC +2)))


Message History

The kobold shoots a poisoned needle.
The poisoned needle barely misses you.
The centaur shoots an arrow.
The arrow hits you.
The centaur unwields an uncursed shortbow.
The centaur hits you.
The kobold shoots a poisoned needle.
The poisoned needle hits you!
You are poisoned.
Found an encrusted emerald ring.
There is an open door here.
Things that are here:
a poisoned needle; a rat corpse You hit the centaur.
The centaur is lightly wounded.
You feel sick. The centaur barely misses you.
The kobold shoots a poisoned needle.
The poisoned needle barely misses you.
The centaur hits you but does no damage.
You barely miss the centaur.
The centaur is lightly wounded.
You feel sick. The centaur misses you.
The kobold shoots a poisoned needle.
The poisoned needle misses you. The centaur hits you.
* * * LOW HITPOINT WARNING * * *
You barely miss the centaur.
The centaur is lightly wounded.
You feel sick.
The kobold shoots a poisoned needle.
The poisoned needle closely misses you. The centaur hits you!
* * * LOW HITPOINT WARNING * * *
A giant cockroach comes into view.
Unknown command.
It was a potion of lignification.
You turn into a tree.
Your +1 animal skin melds into your body.
Your roots penetrate the ground.
The centaur hits you but does no damage.
The centaur hits you.
* * * LOW HITPOINT WARNING * * *
The kobold shoots a poisoned needle.
The poisoned needle hits you.
You are lethally poisoned!
You hit the centaur.
The centaur is moderately wounded.
* * * LOW HITPOINT WARNING * * *
You feel sick. The centaur hits you.
You die...

............ ......!....#
.......Ks..+ ...........#
=..........# ............#
........c....#######+#####
........#♣# #.............
........#(# #.............
........#.# #.............
.......[#.###.............
............+.............
#.........###.............
#######...# #)............
..........# #.............
########.#######.........#


You could see a centaur, a giant cockroach and a kobold.

Vanquished Creatures
  An adder (D:3)
  A worm (D:2)
  2 leopard geckos
  A ball python (D:1)
  A bat (D:1)
  A giant cockroach (D:2)
  7 goblins
  2 hobgoblins
  2 kobolds
  5 rats
23 creatures vanquished.

Notes
Turn   | Place    | Note
-------+----------+-------------------------------------------
     0 | D:1      | glosham the Troll Berserker began the quest for the Orb.
     0 | D:1      | Reached XP level 1. HP: 22/22 MP: 0/0
    90 | D:1      | Reached XP level 2. HP: 26/29 MP: 1/1
   317 | D:2      | Found a faded altar of an unknown god.
   397 | D:3      | Noticed Terence
   416 | D:3      | Reached skill level 3 in Fighting
   416 | D:3      | Reached skill level 3 in Axes
   416 | D:3      | Reached XP level 3. HP: 21/37 MP: 2/2
   502 | D:3      | Reached ** piety under Trog
   503 | D:3      | Noticed a centaur
   512 | D:3      | HP: 2/37 [centaur (7)]
   514 | D:3      | Slain by a centaur

Skill      XL: |  1  2 |
---------------+-------+-----
Fighting       | 3 |  3.1
Axes           | 3 |  3.0
Dodging        | |  2.4

Action                   || total
-------------------------++-------
Melee: Hand axe          ||    94
  Use: Scroll            ||     2
       Potion            ||     1
 Stab: Sleeping          ||     1
  Eat: Chunk             ||    10
Armor: Animal skin       ||    26
       Skin              ||     1
Dodge: Dodged            ||    52

Table legend:
 A = Turns spent in this place as a percentage of turns spent in the entire game.
 B = Non-inter-level travel turns spent in this place as a percentage of non-inter-level travel turns spent in the entire game.
 C = Inter-level travel turns spent in this place as a percentage of turns spent in this place.
 D = Turns resting spent in this place as a percentage of non-inter-level travel turns spent in this place.
 E = Turns spent auto-exploring this place as a percentage of non-inter-level travel turns spent in this place.
 F = Non-inter-level travel turns spent in this place divided by the number of levels of this place that you've seen.
                   A       B       C       D       E      F
               +-------+-------+-------+-------+-------+----------------------
         Total | 100.0 | 100.0 |   4.3 |   0.8 |   0.0 | 164.0
       Dungeon | 100.0 | 100.0 |   4.3 |   0.8 |   0.0 | 164.0
               +-------+-------+-------+-------+-------+----------------------

Table legend:
 A = Kills in this place as a percentage of kills in entire the game.
 B = Kills by you in this place as a percentage of kills by you in the entire game.
 C = Kills by friends in this place as a percentage of kills by friends in the entire game.
 D = Other kills in this place as a percentage of other kills in the entire game.
 E = Experience gained in this place as a percentage of experience gained in the entire game.
 F = Experience gained in this place divided by the number of levels of this place that you have seen.
                   A       B       C       D       E      F
               +-------+-------+-------+-------+-------+----------------------
         Total | 100.0 | 100.0 |   N/A |   N/A | 100.0 |  18.3
       Dungeon | 100.0 | 100.0 |   N/A |   N/A | 100.0 |  18.3
               +-------+-------+-------+-------+-------+----------------------

Vault maps used:
D:1:      dpeg_arrival_radiant, minmay_distorted
D:2:      kiku_gazebo_garden_becter, chequers_ecumenical_altar_island,
          hex_medium, minmay_pentomino_z4
D:3:      first_ration, nicolae_ru_great_annihilating_truth, uniq_terence
